NYP
TRI-CITY VALLEYCATS @ EVERETT AQUASOX
06/29/2044
 
TOP OF THE 1ST
Tri-City ValleyCats batting - Pitching for Everett AquaSox : RHP Jose Rios
Pitching: RHP Jose Rios
Batting: RHB Ben Hoffman 0-0: Ball
1-0: Ball
2-0: Foul Ball, location: 2F
2-1: Foul Ball, location: 2F
2-2: Foul Ball, location: 2F
2-2: Foul Ball, location: 2F
2-2: Strikes out swinging
Batting: RHB Justin Olmstead 0-0: Foul Ball, location: 2F
0-1: Foul Ball, location: 2F
0-2: Strikes out swinging
Batting: SHB Chris Keziah 0-0: Foul Ball, location: 2F
0-1: Ball
1-1: Called Strike
1-2: Foul Ball, location: 2F
1-2: DOUBLE (Line Drive, 78D, EV 109.4 MPH)
Batting: RHB Bobby Dunn 0-0: Fly out, F9 (Flyball, 9D, EV 92.5 MPH)
Top of the 1st over - 0 runs, 1 hit, 0 errors, 1 left on base; Tri-City 0 - Everett 0
BOTTOM OF THE 1ST
Everett AquaSox batting - Pitching for Tri-City ValleyCats : RHP Arsène Serre
Pitching: RHP Arsène Serre
Batting: SHB Raghnall Ahearne 0-0: Called Strike
0-1: Swinging Strike
0-2: Strikes out swinging
Batting: LHB Kenny Gerrity 0-0: Reached on error, E3 (Groundball, 34S, EV 71.2 MPH)
Batting: RHB John Peterson 0-0: Ball
1-0: Ball
2-0: Fly out, F4 (Flyball, 3D, EV 94.4 MPH)
Batting: RHB Robby Cuellar 0-0: Fielders Choice at 2nd, U6 (Groundball, 6M, EV 88.8 MPH)
Bottom of the 1st over - 0 runs, 0 hits, 1 error, 1 left on base; Tri-City 0 - Everett 0
TOP OF THE 2ND
Tri-City ValleyCats batting - Pitching for Everett AquaSox : RHP Jose Rios
Batting: RHB Chris Miller 0-0: Ball
1-0: Foul Ball, location: 2F
1-1: Ball
2-1: Fly out, F8 (Flyball, 8LXD, EV 98.1 MPH)
Batting: RHB Sean Mounts 0-0: Ball
1-0: Swinging Strike
1-1: Called Strike
1-2: Ball
2-2: Strikes out swinging
Batting: RHB Jorge Gutierrez 0-0: Called Strike
0-1: Fly out, F9 (Flyball, 9D, EV 103.1 MPH)
Top of the 2nd over - 0 runs, 0 hits, 0 errors, 0 left on base; Tri-City 0 - Everett 0
BOTTOM OF THE 2ND
Everett AquaSox batting - Pitching for Tri-City ValleyCats : RHP Arsène Serre
Batting: RHB Justin Colella 0-0: Called Strike
0-1: Called Strike
0-2: Strikes out swinging
Batting: LHB Omar Colunga 0-0: Ball
1-0: Swinging Strike
1-1: Ball
2-1: Foul Ball, location: 2F
2-2: Ball
3-2: Foul Ball, location: 2F
3-2: Fly out, F7 (Flyball, 7LS, EV 91.9 MPH)
Batting: SHB Detlef Oursler 0-0: Ball
1-0: Called Strike
1-1: Foul Ball, location: 2F
1-2: Strikes out swinging
Bottom of the 2nd over - 0 runs, 0 hits, 0 errors, 0 left on base; Tri-City 0 - Everett 0
TOP OF THE 3RD
Tri-City ValleyCats batting - Pitching for Everett AquaSox : RHP Jose Rios
Batting: RHB Evan Fry 0-0: Ball
1-0: Ball
2-0: Called Strike
2-1: TRIPLE (Groundball, 3L, EV 103.8 MPH)
Batting: RHB Ruben Pujols 0-0: Ball
1-0: Foul Ball, location: 2F
1-1: Ball
2-1: Ground out 5-3 (Groundball, 56S, EV 80.6 MPH)
Evan Fry scores
Batting: RHB Ben Hoffman 0-0: Called Strike
0-1: Hit by Pitch
Batting: RHB Justin Olmstead 0-0: Ball
1-0: Foul Ball, location: 2F
1-1: Ball
2-1: Ball
3-1: Called Strike
3-2: Ground out 5-3 (Groundball, 56, EV 80.6 MPH)
Ben Hoffman to second
Batting: SHB Chris Keziah 0-0: Swinging Strike
0-1: Foul Ball, location: 2F
0-2: Foul Ball, location: 2F
0-2: Strikes out swinging
Top of the 3rd over - 1 run, 1 hit, 0 errors, 1 left on base; Tri-City 1 - Everett 0
BOTTOM OF THE 3RD
Everett AquaSox batting - Pitching for Tri-City ValleyCats : RHP Arsène Serre
Batting: RHB Clay Statum 0-0: Ball
1-0: Ground out 4-3 (Groundball, 4, EV 89.4 MPH)
Batting: RHB Chris Van Niel 0-0: Called Strike
0-1: Swinging Strike
0-2: Ball
1-2: Ball
2-2: Ball
3-2: Fly out, F8 (Line Drive, 8LM, EV 95.6 MPH)
Batting: SHB Raghnall Ahearne 0-0: Ball
1-0: Swinging Strike
1-1: Foul Ball, location: 2F
1-2: Foul Ball, location: 2F
1-2: Strikes out swinging
Bottom of the 3rd over - 0 runs, 0 hits, 0 errors, 0 left on base; Tri-City 1 - Everett 0
TOP OF THE 4TH
Tri-City ValleyCats batting - Pitching for Everett AquaSox : RHP Jose Rios
Batting: RHB Bobby Dunn 0-0: Ball
1-0: Foul Ball, location: 2F
1-1: Ball
2-1: Foul Ball, location: 2F
2-2: Strikes out swinging
Batting: RHB Chris Miller 0-0: Foul Ball, location: 2F
0-1: Foul Ball, location: 2F
0-2: Ball
1-2: Ball
2-2: SINGLE (Groundball, 6MD, EV 96.9 MPH)
Batting: RHB Sean Mounts 0-0: DOUBLE (Groundball, 5L, EV 103.8 MPH)
Chris Miller to third
Runner from 3rd tries for Home, SAFE, no throw by LF
Batting: RHB Jorge Gutierrez 0-0: Called Strike
Sean Mounts steals 3rd base
0-1: Called Strike
0-2: Strikes out swinging
Batting: RHB Evan Fry 0-0: Ground out 4-3 (Groundball, 4, EV 100.6 MPH)
Top of the 4th over - 1 run, 2 hits, 0 errors, 1 left on base; Tri-City 2 - Everett 0
BOTTOM OF THE 4TH
Everett AquaSox batting - Pitching for Tri-City ValleyCats : RHP Arsène Serre
Batting: LHB Kenny Gerrity 0-0: Ball
1-0: Ball
2-0: Ball
3-0: Called Strike
3-1: Base on Balls
Batting: RHB John Peterson 0-0: Ball
1-0: SINGLE (Groundball, 6MD, EV 103.8 MPH)
Kenny Gerrity to second
Batting: RHB Robby Cuellar 0-0: Ball
1-0: Ball
2-0: Called Strike
2-1: Swinging Strike
2-2: Ball
3-2: Foul Ball, location: 2F
3-2: Foul Ball, location: 2F
3-2: Base on Balls
Kenny Gerrity to third
John Peterson to second
Batting: RHB Justin Colella 0-0: DOUBLE (Groundball, 5L, EV 106.2 MPH)
Kenny Gerrity scores
John Peterson scores
Robby Cuellar to third
Batting: LHB Omar Colunga 0-0: Called Strike
0-1: Ball
1-1: Ball
2-1: Ball
3-1: Called Strike
3-2: Ground out U3 (Groundball, 3, EV 81.2 MPH)
Batting: SHB Detlef Oursler 0-0: SINGLE (Groundball, 6D, EV 97.5 MPH)
Robby Cuellar scores
Justin Colella to third
Runner from 3rd tries for Home, SAFE, throw by LF to home
Batting: RHB Clay Statum 0-0: Ball
Detlef Oursler steals 2nd base (no throw)
1-0: Swinging Strike
1-1: Ball
2-1: Ball
3-1: Foul Ball, location: 2F
3-2: Fly out, F8 (Line Drive, 8LM, EV 93.8 MPH)
Pitching: LHP Jon Pope
Batting: RHB Chris Van Niel 0-0: Ball
1-0: Called Strike
1-1: Ball
2-1: Ball
3-1: Base on Balls
Batting: SHB Raghnall Ahearne 0-0: Foul Ball, location: 2F
0-1: Called Strike
0-2: Ball
1-2: Ball
2-2: Ball
3-2: Fly out, F9 (Line Drive, 9D, EV 98.8 MPH)
Bottom of the 4th over - 4 runs, 3 hits, 0 errors, 2 left on base; Tri-City 2 - Everett 4
TOP OF THE 5TH
Tri-City ValleyCats batting - Pitching for Everett AquaSox : RHP Jose Rios
Batting: RHB Ruben Pujols 0-0: Ball
1-0: Ball
2-0: Called Strike
2-1: Foul Ball, location: 2F
2-2: Strikes out swinging
Batting: RHB Ben Hoffman 0-0: Called Strike
0-1: Ball
1-1: Ball
2-1: Ball
3-1: Ground out 6-3 (Groundball, 6, EV 105.6 MPH)
Batting: RHB Justin Olmstead 0-0: Called Strike
0-1: Swinging Strike
0-2: Strikes out swinging
Top of the 5th over - 0 runs, 0 hits, 0 errors, 0 left on base; Tri-City 2 - Everett 4
BOTTOM OF THE 5TH
Everett AquaSox batting - Pitching for Tri-City ValleyCats : LHP Jon Pope
Batting: LHB Kenny Gerrity 0-0: Ground out 4-3 (Groundball, 4, EV 102.5 MPH)
Batting: RHB John Peterson 0-0: Foul Ball, location: 2F
0-1: Ball
1-1: Ground out 5-3 (Groundball, 56S, EV 83.1 MPH)
Batting: RHB Robby Cuellar 0-0: Ball
1-0: Called Strike
1-1: Ball
2-1: SINGLE (Line Drive, 78S, EV 101.9 MPH)
Batting: RHB Justin Colella 0-0: Ball
1-0: Ball
2-0: Ball
3-0: Base on Balls
Robby Cuellar to second
Batting: LHB Omar Colunga 0-0: Foul Ball, location: 2F
0-1: Foul Ball, location: 2F
0-2: Ball
1-2: Ball
Wild Pitch!
Robby Cuellar to third
Justin Colella to second
2-2: Foul Ball, location: 2F
2-2: Foul Ball, location: 2F
2-2: Foul Ball, location: 2F
2-2: Ground out 6-3 (Groundball, 6S, EV 85.6 MPH)
Bottom of the 5th over - 0 runs, 1 hit, 0 errors, 2 left on base; Tri-City 2 - Everett 4
TOP OF THE 6TH
Tri-City ValleyCats batting - Pitching for Everett AquaSox : RHP Jose Rios
Batting: SHB Chris Keziah 0-0: Called Strike
0-1: Swinging Strike
0-2: Ball
1-2: Strikes out swinging
Batting: RHB Bobby Dunn 0-0: Called Strike
0-1: Ground out 6-3 (Groundball, 6, EV 103.8 MPH)
Batting: RHB Chris Miller 0-0: Called Strike
0-1: Ball
1-1: Swinging Strike
1-2: Ball
2-2: Strikes out swinging
Top of the 6th over - 0 runs, 0 hits, 0 errors, 0 left on base; Tri-City 2 - Everett 4
BOTTOM OF THE 6TH
Everett AquaSox batting - Pitching for Tri-City ValleyCats : LHP Jon Pope
Batting: SHB Detlef Oursler 0-0: Called Strike
0-1: Called Strike
0-2: Foul Ball, location: 2F
0-2: Ball
1-2: Ball
2-2: Ball
3-2: Base on Balls
Batting: RHB Clay Statum 0-0: Called Strike
Detlef Oursler steals 2nd base (no throw)
0-1: Called Strike
0-2: Fly out, F8 (Flyball, 8LS, EV 88.8 MPH)
Batting: RHB Chris Van Niel 0-0: TRIPLE (Line Drive, 89XD, EV 105.0 MPH)
Detlef Oursler scores
Batting: SHB Raghnall Ahearne 0-0: Ball
1-0: Ball
2-0: Ball
3-0: Base on Balls
Batting: LHB Kenny Gerrity 0-0: Ball
Raghnall Ahearne steals 2nd base (no throw)
1-0: Foul Ball, location: 2F
1-1: Called Strike
1-2: SINGLE (Groundball, 4MD, EV 101.2 MPH)
Chris Van Niel scores
Raghnall Ahearne to third
Runner from 3rd tries for Home, SAFE, throw by CF to home
Kenny Gerrity to second
Batting: RHB John Peterson 0-0: Foul Ball, location: 2F
0-1: Called Strike
0-2: Foul Ball, location: 2F
0-2: Ball
1-2: Ball
2-2: Ground out U3 (Groundball, 34, EV 96.9 MPH)
Kenny Gerrity to third
Batting: RHB Robby Cuellar 0-0: SINGLE (Groundball, P, EV 81.2 MPH) (infield hit)
Kenny Gerrity scores
Batting: RHB Justin Colella 0-0: Fielders Choice at 2nd, 6-4 (Groundball, 6D, EV 100.6 MPH)
Bottom of the 6th over - 4 runs, 3 hits, 0 errors, 1 left on base; Tri-City 2 - Everett 8
TOP OF THE 7TH
Tri-City ValleyCats batting - Pitching for Everett AquaSox : RHP Jose Rios
Pitching: LHP Shi-fu Zhou
Batting: RHB Sean Mounts 0-0: Ball
1-0: Called Strike
1-1: SINGLE (Groundball, 4MS, EV 71.9 MPH) (infield hit)
Batting: RHB Jorge Gutierrez 0-0: Fielders Choice at 2nd, 5-4 (Groundball, 56S, EV 87.5 MPH)
Batting: RHB Evan Fry 0-0: Called Strike
0-1: Called Strike
0-2: Ground out 4-3 (Groundball, 4, EV 105.6 MPH)
Jorge Gutierrez to second
Batting: RHB Ruben Pujols 0-0: Called Strike
0-1: Ball
1-1: Foul Ball, location: 2F
1-2: Ball
2-2: Strikes out looking
Top of the 7th over - 0 runs, 1 hit, 0 errors, 1 left on base; Tri-City 2 - Everett 8
BOTTOM OF THE 7TH
Everett AquaSox batting - Pitching for Tri-City ValleyCats : LHP Jon Pope
Batting: LHB Omar Colunga 0-0: Ball
1-0: Called Strike
1-1: Foul Ball, location: 2F
1-2: Ball
2-2: Ball
3-2: SINGLE (Groundball, 4D, EV 101.2 MPH)
Pitching: LHP Vinny Siebecker
Batting: SHB Detlef Oursler 0-0: Foul Ball, location: 2F
0-1: Reached on error, E3 (Groundball, 3, EV 87.5 MPH)
Omar Colunga to second
Batting: RHB Clay Statum 0-0: Called Strike
0-1: Grounds into double play, 1-6-3 (Groundball, 34S, EV 72.5 MPH)
Omar Colunga to third
Batting: RHB Chris Van Niel 0-0: Ground out 6-3 (Groundball, 6, EV 85.0 MPH)
Bottom of the 7th over - 0 runs, 1 hit, 1 error, 1 left on base; Tri-City 2 - Everett 8
TOP OF THE 8TH
Tri-City ValleyCats batting - Pitching for Everett AquaSox : LHP Shi-fu Zhou
Batting: RHB Ben Hoffman 0-0: Called Strike
0-1: Ball
1-1: Swinging Strike
1-2: Fly out, F9 (Flyball, 9LS, EV 92.5 MPH)
Batting: RHB Justin Olmstead 0-0: Fly out, F8 (Flyball, 8LS, EV 81.2 MPH)
Batting: SHB Chris Keziah 0-0: Called Strike
0-1: Foul Ball, location: 2F
0-2: Foul Ball, location: 2F
0-2: Fly out, F7 (Flyball, 78M, EV 95.6 MPH)
Top of the 8th over - 0 runs, 0 hits, 0 errors, 0 left on base; Tri-City 2 - Everett 8
BOTTOM OF THE 8TH
Everett AquaSox batting - Pitching for Tri-City ValleyCats : LHP Vinny Siebecker
Batting: SHB Raghnall Ahearne 0-0: Ball
1-0: Ball
2-0: Ball
3-0: Called Strike
3-1: Base on Balls
Batting: LHB Kenny Gerrity 0-0: Ball
Raghnall Ahearne steals 2nd base
1-0: Called Strike
Balk!
Raghnall Ahearne to third
1-1: Ball
Wild Pitch!
Raghnall Ahearne scores
2-1: Foul Ball, location: 2F
2-2: Ground out 1-3 (Groundball, 34S, EV 68.1 MPH)
Batting: RHB John Peterson 0-0: Called Strike
0-1: Ball
1-1: SINGLE (Groundball, 6MD, EV 108.8 MPH)
Batting: RHB Robby Cuellar 0-0: Called Strike
John Peterson steals 2nd base
0-1: Ball
1-1: Ball
2-1: Fly out, F8 (Flyball, 8RM, EV 83.1 MPH)
Batting: RHB Justin Colella 0-0: Ball
1-0: Ball
Wild Pitch!
John Peterson to third
2-0: Ball
3-0: Base on Balls
Batting: LHB Omar Colunga 0-0: Called Strike
0-1: SINGLE (Groundball, 56D, EV 96.9 MPH)
John Peterson scores
Justin Colella to second
Batting: SHB Detlef Oursler 0-0: Called Strike
0-1: DOUBLE (Groundball, 5L, EV 100.6 MPH)
Justin Colella scores
Omar Colunga to third
Runner from 3rd tries for Home, SAFE, no throw by LF
Pitching: RHP Mike Koch
Batting: RHB Clay Statum 0-0: Ball
Passed Ball!
Detlef Oursler to third
1-0: Ball
Wild Pitch!
Detlef Oursler scores
2-0: Ball
3-0: Base on Balls
Batting: RHB Chris Van Niel 0-0: Ball
1-0: Ball
2-0: Ball
3-0: Base on Balls
Clay Statum to second
Batting: SHB Raghnall Ahearne 0-0: Called Strike
0-1: Ball
1-1: Called Strike
1-2: Foul Ball, location: 2F
1-2: Fielders Choice at 2nd, 6-4 (Groundball, 6, EV 85.0 MPH)
Bottom of the 8th over - 5 runs, 3 hits, 0 errors, 2 left on base; Tri-City 2 - Everett 13
TOP OF THE 9TH
Tri-City ValleyCats batting - Pitching for Everett AquaSox : LHP Shi-fu Zhou
Batting: RHB Bobby Dunn 0-0: Called Strike
0-1: Called Strike
0-2: Ball
1-2: Strikes out swinging
Batting: RHB Chris Miller 0-0: Called Strike
0-1: Called Strike
0-2: Ball
1-2: Foul Ball, location: 2F
1-2: Ball
2-2: Ball
3-2: Base on Balls
Batting: RHB Sean Mounts 0-0: Ball
1-0: Foul Ball, location: 2F
1-1: DOUBLE (Flyball, 8RD, EV 103.8 MPH)
Chris Miller to third
Batting: RHB Jorge Gutierrez 0-0: Called Strike
0-1: Ball
1-1: Ground out 6-3 (Groundball, 6, EV 86.2 MPH)
Chris Miller scores
Sean Mounts to third
Batting: RHB Evan Fry 0-0: Ball
1-0: Swinging Strike
1-1: Foul Ball, location: 2F
1-2: Strikes out swinging
Top of the 9th over - 1 run, 1 hit, 0 errors, 1 left on base; Tri-City 3 - Everett 13
Thursday, March 31st , 2022 - OOTP Baseball 22.12 Build 89